 Dungeon Crawl Stone Soup version 0.19-a0-790-ge39e1af (webtiles) character file.

5686 vatarom the Blocker (level 11, 0/87 HPs)
             Began as a Formicid Fighter on June 26, 2016.
             Was a Believer of Hepliaklqana.
             Slain by Snorg (19 damage)
             ... on level 10 of the Dungeon.
             The game lasted 00:18:20 (7408 turns).

vatarom the Blocker (Formicid Fighter)              Turns: 7408, Time: 00:18:20

Health: 0/87       AC: 16    Str: 23    XL:     11   Next: 4%
Magic:  20/20      EV: 10    Int:  8    God:    Hepliaklqana [**....]
Gold:   29         SH: 14    Dex: 16    Spells: 0 memorised, 10 levels left

rFire  . . .     SeeInvis +     a - +1 trident
rCold  + + .     Gourm    .     E - +5 ring mail of the Earth {rC+ MP+9}
rNeg   . . .     Faith    .     c - +1 shield
rPois  .         Spirit   .     (helmet unavailable)
rElec  +         Dismiss  .     i - +2 cloak
rCorr  .         Reflect  .     (no gloves)
SustAt .         Harm     .     d - +0 pair of boots
MR     ++...                    (no amulet)
Stlth  ++........               (no ring)
                                e - ring of protection from magic

@: agile, very resistant to hostile enchantments, unstealthy
A: permanent stasis, dig shafts and tunnels, four strong arms, antennae 3,
hooves 1, cold resistance 1, electricity resistance, MP-powered wands
a: Dig, Shaft Self, Ancestor Life: Knight, Ancestor Life: Battlemage, Ancestor
Life: Hexer, Recall Ancestor, Ancestor Identity, Renounce Religion


You were on level 10 of the Dungeon.
You worshipped Hepliaklqana.
Hepliaklqana was pleased with you.
You were not hungry.

You visited 2 branches of the dungeon, and saw 11 of its levels.

You collected 473 gold pieces.
You spent 444 gold pieces at shops.

Inventory:

Hand Weapons
 a - a +1 trident (weapon)
Armour
 c - a +1 shield (worn)
 d - a +0 pair of boots (worn)
 i - a +2 cloak (worn)
 E - the +5 ring mail of the Earth (worn) {rC+ MP+9}
   (You bought it in a shop on level 8 of the Dungeon)

   It protects you from cold.
   It affects your magic capacity (+9).
Jewellery
 e - a ring of protection from magic (left hand)
 k - an uncursed ring of ice
Wands
 v - a wand of polymorph (8/24)
 y - a wand of lightning (9/15)
 B - a wand of acid (4/15)
 D - a wand of enslavement (9/24)
Scrolls
 b - 2 scrolls of enchant weapon
 f - 3 scrolls of magic mapping
 g - a scroll of amnesia
 j - 3 scrolls of recharging
 n - 4 scrolls of identify
 p - 2 scrolls of fear
 C - 3 scrolls of remove curse
Potions
 m - 2 potions of ambrosia
 w - a potion of curing
Books
 o - a Young Poisoner's Handbook

   Spells                             Type                      Level
   a - Sting                          Conjuration/Poison           1
   b - Mephitic Cloud                 Conjuration/Poison/Air       3
   c - Olgreb's Toxic Radiance        Poison                       4
   d - Alistair's Intoxication        Transmutation/Poison         5
   e - Venom Bolt                     Conjuration/Poison           5
 q - a book of Beasts

   Spells                             Type                      Level
   a - Summon Butterflies             Summoning                    1
   b - Call Canine Familiar           Summoning                    3
   c - Summon Ice Beast               Ice/Summoning                4
   d - Summon Mana Viper              Hexes/Summoning              5
   e - Summon Hydra                   Summoning                    7
 z - a book of Fire

   Spells                             Type                      Level
   a - Ignite Poison                  Fire/Transmutation/Poison    3
   b - Fireball                       Conjuration/Fire             5
   c - Bolt of Fire                   Conjuration/Fire             6
   d - Delayed Fireball               Conjuration/Fire             7
   e - Ring of Flames                 Charms/Fire                  7
Comestibles
 h - 4 bread rations
 l - 2 meat rations
 r - 2 fruits
 s - 3 beef jerkies
 u - 8 slices of pizza


   Skills:
 - Level 8.4 Fighting
 - Level 8.0 Polearms
 - Level 9.2 Armour
 + Level 11.0 Shields


You had 10 spell levels left.
You didn't know any spells.

Dungeon Overview and Level Annotations

Branches:
Dungeon (10/15)            Temple (1/1) D:6            Lair (0/6) D:9
    Orc: D:9-12

Altars:
Ashenzari
Cheibriados
Dithmenos
Elyvilon
Gozag
Hepliaklqana
Kikubaaqudgha
Makhleb
Nemelex Xobeh
Okawaru
Qazlal
Ru
Trog
Uskayaw
Yredelemnul
Zin
The Shining One

Shops:
D:6 %   D:8 !!}[%

Annotations:
D:10 Snorg


Innate Abilities, Weirdness & Mutations

You are under a permanent stasis effect.
You can dig through walls and to a lower floor.
Your four strong arms can wield two-handed weapons with a shield.
You have a pair of large antennae on your head. (SInv)
You have large cloven feet.
Your flesh is cold resistant. (rC+)
You are resistant to electric shocks. (rElec)
You expend magic power (3 MP) to strengthen your wands.


Message History

You block Snorg's attack.
You feel much better. You block Snorg's attack. Snorg claws you!
* * * LOW HITPOINT WARNING * * *
Snorg claws you but does no damage.
You feel agile all of a sudden. You block Snorg's attack.
Snorg barely misses you. Snorg claws you.
* * * LOW HITPOINT WARNING * * *
Snorg barely misses you. You block Snorg's attack. Snorg barely misses you.
Unknown command.
There is an open door here.
Snorg barely misses you. You block Snorg's attack. x2
Snorg bites you but does no damage. Snorg misses you. You block Snorg's attack.
Snorg barely misses you. You block Snorg's attack.
Snorg claws you but does no damage.
You block Snorg's attack. x2; Snorg claws you but does no damage.
There is a stone staircase leading up here.
Okay, then.
Unknown command.
You block Snorg's attack. Snorg claws you!!
You die...

...#......#
....####'#########
.................#
..........#...##.#
.................#
.........W..######
............#
...........T#
...........@#
............#
#####....####
#....# #.>..#
#....# ##+#.. #.#


You could see Snorg (berserk) and a wraith.

Vanquished Creatures
  A hydra (D:9)
  Erica (D:9)
  The ghost of tstbtto the Cleaver, a novice NaFi of Yredelemnul (D:6)
  Pikel (D:6)
  A human (D:7)
  2 hippogriffs
  A black bear (D:7)
  2 ice beasts (D:8)
  3 ogres
  A phantom (D:4)
  Blork the orc (D:6)
  A gnoll sergeant (D:9)
  5 giant frogs
  Dowan (D:7)
  5 scorpions
  5 electric eels (D:8)
  3 crimson imps
  2 orc priests
  A giant frog skeleton (D:5)
  A hound (D:8)
  4 orc wizards
  4 worker ants
  4 iguanas
  A sheep (D:7)
  8 gnolls
  6 adders
  A howler monkey skeleton (D:7)
  2 shadow imps
  An ooze (D:2)
  2 worms
  2 dart slugs
  2 giant geckos
  15 orcs
  4 giant cockroaches
  6 goblins
  6 hobgoblins
  6 jackals
  10 kobolds
  4 quokkas
  3 bats
  7 giant newts
  2 jackal zombies
  A quokka zombie (D:6)
  8 rats
148 creatures vanquished.

Vanquished Creatures (collateral kills)
  Menkaure (D:6)
  Duvessa (D:7)
  2 centaurs
  A big kobold (D:8)
  A scorpion (D:7)
  3 electric eels (D:8)
  Crazy Yiuf (D:6)
  An iguana (D:8)
  3 sheep (D:7)
  A gnoll (D:9)
  An adder (D:8)
  2 shadow imps
  A quokka (D:7)
  3 kobolds (D:8)
22 creatures vanquished.

Vanquished Creatures (others)
  A scorpion (D:8)
  4 ancestors
  A giant cockroach (D:6)
6 creatures vanquished.

Grand Total: 176 creatures vanquished

Notes
Turn   | Place    | Note
--------------------------------------------------------------
     0 | D:1      | vatarom the Formicid Fighter began the quest for the Orb.
     0 | D:1      | Reached XP level 1. HP: 18/18 MP: 1/1
   125 | D:1      | Reached XP level 2. HP: 24/24 MP: 2/2
   466 | D:1      | Reached XP level 3. HP: 29/29 MP: 3/3
  1101 | D:3      | Found a sparkling altar of Nemelex Xobeh.
  1132 | D:3      | Reached XP level 4. HP: 30/35 MP: 4/4
  1327 | D:3      | Reached XP level 5. HP: 36/41 MP: 5/5
  1590 | D:3      | Found a faded altar of an unknown god.
  1607 | D:3      | Reached skill level 5 in Polearms
  1621 | D:3      | Found an opulent altar of Gozag.
  1964 | D:4      | Noticed a phantom
  1969 | D:4      | Noticed a giant frog
  1990 | D:4      | Reached XP level 6. HP: 36/47 MP: 6/6
  2055 | D:4      | Killed a phantom
  2224 | D:4      | Reached XP level 7. HP: 45/52 MP: 7/7
  2472 | D:5      | Entered Level 5 of the Dungeon
  2765 | D:5      | Found a shadowy altar of Dithmenos.
  2817 | D:5      | Reached XP level 8. HP: 40/61 MP: 8/8
  2993 | D:5      | Reached skill level 5 in Fighting
  3171 | D:6      | Noticed tstbtto's ghost (novice NaFi)
  3188 | D:6      | Killed tstbtto's ghost
  3188 | D:6      | Reached XP level 9. HP: 56/75 MP: 9/9
  3241 | D:6      | Noticed Blork the orc
  3241 | D:6      | Noticed Pikel
  3263 | D:6      | Killed Pikel
  3270 | D:6      | Killed Blork the orc
  3324 | D:6      | Found Wuomup Mung's Food Shoppe.
  3330 | D:6      | Found a staircase to the Ecumenical Temple.
  3336 | Temple   | Entered the Ecumenical Temple
  3479 | Temple   | Became a worshipper of Hepliaklqana
  3564 | D:6      | Noticed Menkaure
  3571 | D:6      | Killed Menkaure
  3740 | D:6      | Found a runed door.
  3903 | D:6      | Noticed Crazy Yiuf
  3908 | D:6      | Killed Crazy Yiuf
  4060 | D:7      | Noticed Duvessa
  4060 | D:7      | Noticed Dowan
  4068 | D:7      | Killed Duvessa
  4076 | D:7      | Killed Dowan
  4293 | D:7      | Reached * piety under Hepliaklqana
  4613 | D:7      | Found a burning altar of Makhleb.
  4667 | D:7      | Reached XP level 10. HP: 76/82 MP: 10/10
  4677 | D:7      | Reached skill level 4 in Shields
  4926 | D:8      | Reached skill level 5 in Shields
  5508 | D:8      | Reached skill level 6 in Shields
  5770 | D:8      | Found Qiemofib's Distillery.
  5776 | D:8      | Reached skill level 7 in Shields
  5783 | D:8      | Bought a potion of mutation for 25 gold pieces
  5783 | D:8      | Bought a potion of mutation for 25 gold pieces
  5783 | D:8      | Bought a potion of lignification for 30 gold pieces
  5783 | D:8      | Gained mutation: Armour fits poorly on your strangely shaped body. [potion of mutation]
  5783 | D:8      | Gained mutation: You are robust. (+10% HP) [potion of mutation]
  5783 | D:8      | Gained mutation: Your muscles are strong. (Str +2) [potion of mutation]
  5784 | D:8      | Gained mutation: You are resistant to electric shocks. (rElec) [potion of mutation]
  5784 | D:8      | Gained mutation: Your flesh is cold resistant. (rC+) [potion of mutation]
  5784 | D:8      | Lost mutation: Your muscles are strong. (Str +2) [potion of mutation]
  5798 | D:8      | Found Diokhana's Distillery.
  5806 | D:8      | Bought a potion of curing for 42 gold pieces
  5806 | D:8      | Bought a potion of heal wounds for 70 gold pieces
  6056 | D:8      | Found Biowydie's Antique Armour Boutique.
  6129 | D:8      | Found a hide-covered altar of Uskayaw.
  6170 | D:8      | Found Jiajim's Food Shop.
  6177 | D:8      | Reached skill level 8 in Shields
  6266 | D:8      | Found Amudobem's Gadget Boutique.
  6272 | D:8      | Lost mutation: You are robust. (+10% HP) [potion of mutation]
  6272 | D:8      | Gained mutation: You expend magic power (3 MP) to strengthen your wands. [potion of mutation]
  6401 | D:8      | Gained mutation: You have large cloven feet. [potion of mutation]
  6401 | D:8      | Lost mutation: Armour fits poorly on your strangely shaped body. [potion of mutation]
  6462 | D:9      | Noticed Erica
  6476 | D:9      | Killed Erica
  6476 | D:9      | Reached skill level 9 in Shields
  6781 | D:9      | Noticed a seven-headed hydra
  6792 | D:9      | Killed a seven-headed hydra
  6792 | D:9      | Reached skill level 10 in Shields
  6792 | D:9      | Reached XP level 11. HP: 12/87 MP: 11/11
  7012 | D:9      | Reached skill level 11 in Shields
  7066 | D:9      | Found a stormy altar of Qazlal.
  7092 | D:9      | Reached ** piety under Hepliaklqana
  7147 | D:9      | Found a staircase to the Lair.
  7332 | D:8      | Bought a warped ring mail for 252 gold pieces
  7332 | D:8      | Identified the +5 ring mail of the Earth {rC+ MP+9} (You bought it in a shop on level 8 of the Dungeon)
  7372 | D:10     | Entered Level 10 of the Dungeon
  7388 | D:10     | Noticed Snorg
  7408 | D:10     | Slain by Snorg

Vault maps used:
D:1:      dpeg_arrival_rooms_c, columned_hall_lemuel
D:2:      minmay_misc_feat_tiny
D:3:      nicolae_gozag_cash_rules_everything_around_me, ecumenical_altar_1,
          minmay_misc_feat_nine_boxes, nemelex_spade_bored_becter
D:4:      first_bread, serial_bayou_pond_a, lightli_corner_chamber
D:5:      kennysheep_little_box
D:6:      serial_shops, shop, uniq_menkaure, uniq_blork_the_orc, uniq_pikel,
          uniq_crazy_yiuf_cottage
D:7:      grunt_livestock, bloody_makhleb, uniq_duvessa
D:8:      old_standard_altar, serial_shops, shop, nicolae_shop_behind_doors,
          shop, shop, shop, kennysheep_boxes
D:9:      nicolae_qazlal_general_emergency, dpeg_oklobed_lair, uniq_erica
D:10:     orc_0_dummy, uniq_snorg
Temple:   regret_index_temple_mists

Skill      XL: |  1  2  3  4  5  6  7  8  9 10 11 |
---------------+----------------------------------+-----
Polearms       | 3 4 5 6 8 |  8.0
Fighting       | 4 8 |  8.4
Armour         | 9 |  9.2
Shields        | 10 11 | 11.0

Action                   |  1- 3 |  4- 6 |  7- 9 | 10-12 || total
-------------------------+-------+-------+-------+-------++-------
Melee: Trident           |   116 |   144 |   272 |   221 ||   753
Invok: Recall Ancestor   |       |       |       |     1 ||     1
 Abil: Dig               |       |     1 |     3 |     1 ||     5
  Use: Scroll            |     7 |     1 |     4 |     4 ||    16
       Potion            |     3 |     4 |     6 |     7 ||    20
  Eat: Bread ration      |     1 |       |     3 |     1 ||     5
       Chunk             |       |       |     1 |       ||     1
Armor: Scale mail        |    34 |    21 |       |       ||    55
       Ring mail         |       |    19 |    26 |     9 ||    54
       Chain mail        |       |       |    41 |    79 ||   120
       Skin              |       |       |       |     7 ||     7
Dodge: Dodged            |    21 |    32 |    64 |    51 ||   168
Block: Shield            |    35 |    46 |   111 |   128 ||   320
